[Event "*** Titled Tuesday Blitz"]
[Site "Chess.com"]
[Date "2020.11.24"]
[Round "9"]
[White "Chessbard1972"]
[Black "WiktoriaPOL"]
[Result "0-1"]
[WhiteElo "2312"]
[BlackElo "2106"]
[TimeControl "180+1"]
[EndTime "12:05:54 PST"]
[Termination "WiktoriaPOL won by checkmate"]

1. e4 c5 2. d4 cxd4 3. c3 Nf6 4. e5 Nd5 5. Bc4 Nb6 6. Bb3 e6 7. Nf3 d5 8. exd6 Bxd6 9. Nxd4 O-O 10. O-O Nc6 11.
Nb5 Be5 12. Qxd8 Rxd8 13. Nd2 a6 14. Na3 Nd5 15. Nf3 Bc7 16. Nc2 b5 17. Ne3 Bb7 18.
Nxd5 exd5 19. Be3 Ne5 20. Nxe5 Bxe5 21. Rad1 Rd7 22. Bd4 Bf4 23. g3 Bc7 24. Rd2 Rad8 25. Rfd1 a5 26. a4 Bc6 27. axb5 Bxb5 28. Bc5 Bc6 29. Bd4 a4 30. Ba2 f6 31. f4 Kf7 32.
Kf2 g5 33. fxg5 fxg5 34. Kg2 h6 35. Rf1+ Kg8 36. Rdf2 Rd6 37. Bc5 Re6 38. Bd4 Rd7 39.
c4 dxc4+ 40. Kg1 Rxd4 41. Rf8+ Kg7 42. R8f7+ Kg6 43. Bb1+ Be4 44. Bxe4+ Rdxe4 45. Rxc7 Rd6 46. Rf2 Red4 47. h3 Rd1+ 48. Kg2 R1d2 49. Rf7 Rxf2+ 50. Rxf2 Rb6 51. g4 Rb3 52. Rc2 Rb4 53. Kf3 Kf6 54.
Ke3 Ke5 55. Kd2 Kd4 56. Kc1 Rb3 57. Rh2 a3 58. bxa3 Rxa3 59. h4 c3 60. Kb1 Rb3+ 61.
Kc1 Rb5 62. hxg5 hxg5 63. Rh8 Ke4 64. Rf8 Rc5 65. Kc2 Ke3 66. Rf7 Rc4 67. Rf5 Rxg4 68. Kxc3 Rg3 69. Kc2 Ke4 70. Rf8 g4 71. Kd2 Rf3 72. Rg8 g3 73. Ke2 Rf2+ 74. Ke1 Kf3 75. Rf8+ Kg2 76. Rg8 Rf3 77. Rh8 Re3+ 78. Kd2 Re4 79. Kd3 Re6 80. Rf8 Kg1 81. Kd2 g2 82. Rf4 Re5 83. Kd1 Kh2 84. Rh4+ Kg3 85. Rh8 Kg4 86. Rg8+ Rg5 87. Rxg5+ Kxg5 88. Ke2 g1=Q 89. Kd3 Qg3+ 90. Kc4 Qf4+ 91. Kd5 Kf5 92. Kc6 Qe5 93. Kd7 Qf6 94. Kc7 Ke5 95. Kd7 Qf7+ 96. Kc8 Kd6 97. Kb8 Kc6 98. Ka8 Qe8+ 99. Ka7 Qe4 100. Kb8 Kb6 101. Kc8 Qe8# 0-1

[Event "*** Titled Tuesday Blitz"]
[Site "Chess.com"]
[Date "2020.11.24"]
[Round "9"]
[White "YoungMegaMind"]
[Black "ambaixador"]
[Result "0-1"]
[WhiteElo "2295"]
[BlackElo "2427"]
[TimeControl "180+1"]
[EndTime "12:06:07 PST"]
[Termination "ambaixador won on time"]

1. d4 d5 2. c4 e6 3. Nc3 Nf6 4. cxd5 exd5 5. Bg5 c6 6. e3 Be7 7. Bd3 Nbd7 8. Qc2 Nf8 9. Nge2 Bd7 10. O-O Ng6 11.
Rae1 O-O 12. f3 Rc8 13. e4 dxe4 14. fxe4 Be6 15. h3 Nh5 16. Be3 Bg5 17. Qd2 Bxe3+ 18. Qxe3 Nf6 19. Rf2 Rc7 20. Ref1 Rd7 21. b3 Re8 22.
Qg3 Rxd4 23. Nxd4 Qxd4 24. Bc2 Nd7 25. Ne2 Qc5 26. Nf4 Nxf4 27. Qxf4 Ne5 28. Qg3 Rd8 29. Kh1 a5 30. Bd1 b5 31. Bg4 Bxg4 32. hxg4 f6 33. g5 fxg5 34. Qxg5 Re8 35. Rf5 Qe7 36. Qg3 h6 37. Kg1 c5 38. R1f4 c4 39. bxc4 bxc4 40. Rh4 Nf7 41. Rg4 Ng5 42. e5 Qa7+ 43. Kh2 Qd7 44.
Rff4 Qe6 45. Rxc4 Qxe5 46. Qxe5 Rxe5 47. Rc8+ Kh7 48. Ra8 Kg6 49. Ra4 Kh5 50. R8xa5 Re2 51. Kg3 Re3+ 52. Kf2 Re8 53. Ra7 Rf8+ 54. Kg3 g6 55.
R7a5 Re8 56. Kf2 Rf8+ 57. Kg3 Re8 58. a3 Re3+ 59. Kf2 Rc3 60. Rd4 Rc2+ 61. Kg1 Rc3 62.
Kh2 Rc2 63. a4 Rc3 64. Rb5 Ra3 65. a5 Ra2 66. Rdb4 Ra3 67. Kg1 Ra2 68. Kh2 Ra3 69.
Rc5 Ra2 70. Rbc4 Ra1 71. Kg3 Ra3+ 72. Kf4 Ra2 73. Ke5 Rxg2 74. Kd6 Re2 75. Kc7 Ra2 76. Kb6 Rb2+ 77. Ka7 Ra2 78. Rc6 Rxa5+ 79. Kb6 Re5 80.
Rd6 Re4 81. Rc5 Rb4+ 82. Ka5 Rb1 83. Rcc6 Ra1+ 84. Kb6 Rb1+ 85. Kc7 Rf1 86. Rxg6 Rf7+ 87. Kb6 Rf4 88. Rxh6+ Kg4 89. Rhg6 Rf5 90. Rg8 Kf4 91. Rc4+ Ne4 92. Re8 Rf6+ 93. Kb5 Rf5+ 94. Kb4 Re5 95. Rf8+ Ke3 96. Rd8 Nd2 97. Rc3+ Ke2 98. Rc2 Re4+ 0-1

[Event "*** Titled Tuesday Blitz"]
[Site "Chess.com"]
[Date "2020.11.24"]
[Round "9"]
[White "Gevo1990"]
[Black "ChessQueen"]
[Result "1/2-1/2"]
[WhiteElo "2631"]
[BlackElo "2734"]
[TimeControl "180+1"]
[EndTime "12:06:19 PST"]
[Termination "Game drawn by repetition"]

1. e4 c6 2. d4 d5 3. e5 c5 4. Ne2 Nc6 5. dxc5 Nxe5 6. Nbc3 e6 7. Be3 Nf6 8. Ng3 Be7 9. Be2 O-O 10. O-O Nc6 11. Nb5 e5 12. c3 a6 13. Na3 d4 14. cxd4 exd4 15. Bg5 Bxc5 16. Bf3 Ne5 17. Rc1 Be7 18. Nc4 Nxf3+ 19. Qxf3 Be6 20. Qxb7 Bd5 21. Qb3 h6 22. Bxf6 Bxf6 23. Qd3 Rc8 24. b3 Ba8 25. Rfe1 Bc6 26. Ne4 Be7 27. f3 Bb5 28. a4 Bc6 29. Rcd1 Bb4 30. Re2 f5 31. Ng3 Qd5 32. Re5 Qd7 33.
Rxf5 Rxf5 34. Nxf5 Bd5 35. g4 Bxc4 36. bxc4 Rd8 37. Kg2 Bc3 38. Qe4 Re8 39. Qd5+ Qxd5 40. cxd5 Rd8 41. d6 Kf7 42. h4 g6 43. Nxh6+ Kg7 44. g5 Rxd6 45. Ng4 d3 46. Nf2 d2 47. Ne4 Rd3 48. Nxc3 Rxc3 49. Rxd2 Rc4 50. Rd7+ Kg8 51. Rd6 Kg7 52. Rxa6 Rxh4 53. Kg3 Rb4 54. Ra7+ Kg8 55. a5 Rb5 56. Kg4 Kf8 57. a6 Ra5 58. Ra8+ Kg7 59. a7 Ra6 60. f4 Ra5 61. Kf3 Ra6 62. Ke3 Ra3+ 63. Kd4 Ra4+ 64. Ke5 Ra5+ 65. Ke6 Ra6+ 66. Kd7 Ra1 67. Ke8 Re1+ 68. Kd8 Rd1+ 69. Kc7 Rc1+ 70.
Kd6 Rd1+ 71. Ke5 Re1+ 72. Kd4 Rd1+ 73. Kc4 Ra1 74. Kb5 Ra2 75. Kb4 Ra1 76. Kc3 Ra6 77.
Kd3 Ra1 78. Ke3 Ra3+ 79. Ke4 Ra1 80. Kd5 Rd1+ 81. Ke5 Re1+ 82. Kd4 Rd1+ 83. Ke3 Ra1 84. Rd8 Rxa7 85. Ke4 Ra4+ 86. Ke5 Ra5+ 87. Ke6 Rf5 88. Rd4 Rf8 89. Ke5 Rf5+ 90. Ke4 Rf7 91. Rd6 Ra7 92.
Ke5 Re7+ 93. Re6 Rf7 94. Rb6 Rf5+ 95. Ke4 Rf7 96. Rb5 Re7+ 97. Kf3 Rd7 98. Ke4 Re7+ 99. Kf3 Rd7 100. Rb6 Re7 101. Kg4 Rc7 102. Rf6 Rd7 103. Kf3 Re7 104. Kf2 Rd7 105. Ke3 Re7+ 106. Kd4 Rd7+ 107. Ke5 Ra7 108. Rd6 Re7+ 109. Kd4 Rf7 110. Ke4 Re7+ 111. Kd4 Rf7 112. Ke4 1/2-1/2

[Event "*** Titled Tuesday Blitz"]
[Site "Chess.com"]
[Date "2020.11.24"]
[Round "10"]
[White "Akhayan"]
[Black "PattyCastillo"]
[Result "1-0"]
[WhiteElo "2256"]
[BlackElo "2044"]
[TimeControl "180+1"]
[EndTime "12:08:16 PST"]
[Termination "Akhayan won by resignation"]

1. d4 d5 2. Nf3 Nf6 3. c4 c6 4. e3 e6 5. Nc3 Nbd7 6. Qc2 Bd6 7.
g4 e5 8. g5 Nh5 9. cxd5 exd4 10.
Nxd4 c5 11. Nf5 Qxg5 12. Nxd6+ 1-0

[Event "*** Titled Tuesday Blitz"]
[Site "Chess.com"]
[Date "2020.11.24"]
[Round "10"]
[White "Iskusnyh"]
[Black "aa175"]
[Result "1-0"]
[WhiteElo "2616"]
[BlackElo "2317"]
[TimeControl "180+1"]
[EndTime "12:08:32 PST"]
[Termination "Iskusnyh won by resignation"]

1. d4 e5 2. dxe5 Nc6 3. Nf3 Qe7 4.
Nc3 Nxe5 5. e4 Nxf3+ 6. Qxf3 Nf6 7. Bg5 c6 8. O-O-O h6 9. Bf4 g5 10. Bg3 Qe6 11. h3 h5 12. e5 g4 13. Qxf6 1-0

[Event "*** Titled Tuesday Blitz"]
[Site "Chess.com"]
[Date "2020.11.24"]
[Round "10"]
[White "AlexSuv"]
[Black "Kaua18"]
[Result "1-0"]
[WhiteElo "2526"]
[BlackElo "2372"]
[TimeControl "180+1"]
[EndTime "12:09:13 PST"]
[Termination "AlexSuv won by resignation"]

1. d4 Nf6 2. c4 e6 3. Nc3 Bb4 4. e3 O-O 5. Bd2 d5 6. Nf3 b6 7. cxd5 exd5 8. Rc1 Bb7 9. Bd3 Re8 10. O-O a6 11. Ne5 c5 12. a3 Bxc3 13. Bxc3 Nbd7 14. Nxd7 Qxd7 15. dxc5 bxc5 16. Bxf6 gxf6 17. Rxc5 Re5 18.
Qc2 Kg7 19. Rc7 1-0

[Event "*** Titled Tuesday Blitz"]
[Site "Chess.com"]
[Date "2020.11.24"]
[Round "10"]
[White "Omk124"]
[Black "DarZay"]
[Result "0-1"]
[WhiteElo "2325"]
[BlackElo "2135"]
[TimeControl "180+1"]
[EndTime "12:09:45 PST"]
[Termination "DarZay won by checkmate"]

1. e4 c5 2. Nf3 d6 3. d4 cxd4 4. Nxd4 Nf6 5. Nc3 Nc6 6. Bc4 e5 7. Nxc6 bxc6 8. O-O Be7 9. f3 O-O 10. Be3 Be6 11. Bb3 d5 12. exd5 cxd5 13. Bg5 d4 14.
Bxf6 Bxf6 15. Ne4 Bxb3 16. axb3 Qb6 17. Qd3 Be7 18. Ra6 Qc7 19. Rfa1 f5 20. Nd2 Bg5 21. Nc4 Bf4 22. R1a5 e4 23. fxe4 fxe4 24. Qh3 Bxh2+ 25.
Qxh2 Rf1+ 26. Kxf1 Qxh2 27. Rxa7 Rf8+ 28. Ke1 Qg1+ 29.
Kd2 Rf2# 0-1

[Event "*** Titled Tuesday Blitz"]
[Site "Chess.com"]
[Date "2020.11.24"]
[Round "10"]
[White "vladgoncharov"]
[Black "Satscho"]
[Result "0-1"]
[WhiteElo "2468"]
[BlackElo "2361"]
[TimeControl "180+1"]
[EndTime "12:10:17 PST"]
[Termination "Satscho won by resignation"]

1. Nf3 Nf6 2. c4 g6 3. Nc3 Bg7 4. e4 d6 5. d4 O-O 6. Be2 e5 7. O-O Nc6 8. d5 Ne7 9. Ne1 Nd7 10. Be3 f5 11. f3 f4 12. Bf2 g5 13. Rc1 Ng6 14. c5 Nxc5 15. b4 Na6 16. Qb3 Rf7 17. Nb5 h5 18. Nxa7 Bd7 19. Nc6 bxc6 20. dxc6 Be8 21.
Bc4 g4 22. Rd1 Qg5 23. Qd3 Nxb4 24. Qc2 Nxc2 0-1

[Event "*** Titled Tuesday Blitz"]
[Site "Chess.com"]
[Date "2020.11.24"]
[Round "10"]
[White "Quiet_Desperation"]
[Black "Kretov_Evgenij"]
[Result "1-0"]
[WhiteElo "1730"]
[BlackElo "2421"]
[TimeControl "180+1"]
[EndTime "12:10:32 PST"]
[Termination "Quiet_Desperation won by resignation"]

1. e4 c5 2. Nf3 Nc6 3. d4 cxd4 4.
Nxd4 g6 5. c4 Nf6 6. Nc3 d6 7.
Nc2 Bg7 8. Be2 O-O 9. O-O Be6 10. Ne3 Nd7 11. Ned5 f5 12. exf5 gxf5 13. Re1 Bf7 14. Bg5 Re8 15. Bh5 Bg6 16. Bxg6 hxg6 17. Qe2 Nde5 18. f4 Ng4 19. Qe6+ Kh7 20. h3 Nd4 21. Qf7 Nh6 22. Bxh6 Kxh6 23. Nxe7 Rxe7 24. Rxe7 Qh8 25. Rd1 Rf8 26. Qxg7+ Qxg7 27. Rxg7 1-0

[Event "*** Titled Tuesday Blitz"]
[Site "Chess.com"]
[Date "2020.11.24"]
[Round "10"]
[White "Deepweb2020"]
[Black "ljuks68"]
[Result "1-0"]
[WhiteElo "2288"]
[BlackElo "2386"]
[TimeControl "180+1"]
[EndTime "12:10:36 PST"]
[Termination "Deepweb2020 won on time"]

1. d4 d5 2. c4 c6 3. cxd5 cxd5 4.
Nc3 Nf6 5. Bf4 Nc6 6. e3 Bf5 7.
Bd3 Bxd3 8. Qxd3 e6 9. Nf3 Be7 10. h3 O-O 11. O-O Rc8 12. a3 Na5 13. Nd2 a6 14.
Na4 1-0

[Event "*** Titled Tuesday Blitz"]
[Site "Chess.com"]
[Date "2020.11.24"]
[Round "10"]
[White "ural58"]
[Black "ShapkinAnatoliy"]
[Result "0-1"]
[WhiteElo "2450"]
[BlackElo "2653"]
[TimeControl "180+1"]
[EndTime "12:10:37 PST"]
[Termination "ShapkinAnatoliy won by resignation"]

1. e4 e5 2. f4 d5 3. exd5 exf4 4. Nf3 Nf6 5. Bb5+ c6 6. dxc6 Nxc6 7. Nc3 Bd6 8. Qe2+ Be6 9. Nd4 O-O 10. Nxe6 fxe6 11. Bxc6 bxc6 12. b3 Nd5 13. Bb2 Qh4+ 14. g3 Qh3 15.
O-O-O f3 16. Qf1 Qf5 17. Qc4 Rab8 18. Rhf1 f2 19. Qe4 Nxc3 20. Qxf5 Ne2+ 0-1

[Event "*** Titled Tuesday Blitz"]
[Site "Chess.com"]
[Date "2020.11.24"]
[Round "10"]
[White "Sinquefield"]
[Black "Gevo1990"]
[Result "0-1"]
[WhiteElo "2481"]
[BlackElo "2641"]
[TimeControl "180+1"]
[EndTime "12:10:38 PST"]
[Termination "Gevo1990 won by checkmate"]

1. e4 e5 2. Nf3 Nc6 3. d4 exd4 4. Bc4 Nf6 5. O-O Nxe4 6. Re1 d5 7. Bxd5 Qxd5 8. Nc3 Qa5 9. Nxe4 Be6 10. Neg5 O-O-O 11. Nxe6 fxe6 12. Rxe6 Qd5 13. Qe2 Bd6 14. Bg5 Rdf8 15.
Bh4 d3 16. cxd3 Rxf3 17. gxf3 Nd4 18. Re8+ Kd7 19. Re7+ Bxe7 20. Qxe7+ Kc8 21. Bg3 Nxf3+ 22. Kf1 Qc6 23. Qe3 Re8 24. Qxa7 Nxh2+ 25. Bxh2 Qh1+ 26. Bg1 Qh3# 0-1

[Event "*** Titled Tuesday Blitz"]
[Site "Chess.com"]
[Date "2020.11.24"]
[Round "10"]
[White "BJthechessgod"]
[Black "InitiatingASC"]
[Result "0-1"]
[WhiteElo "2233"]
[BlackElo "2437"]
[TimeControl "180+1"]
[EndTime "12:10:38 PST"]
[Termination "InitiatingASC won by checkmate"]

1. e4 c5 2. Nf3 Nc6 3. d4 cxd4 4. Nxd4 Nf6 5. Nc3 e5 6. Ndb5 h6 7. Nd6+ Bxd6 8. Qxd6 Qe7 9. Qd3 d6 10. Be2 O-O 11. O-O Rd8 12. Rd1 Be6 13. Bf3 Nd4 14. Ne2 Nxf3+ 15. Qxf3 d5 16. exd5 Bxd5 17. Qe3 Rac8 18.
Nc3 Bc6 19. Bd2 Nd5 20. Nxd5 Rxd5 21. Bc3 Rcd8 22. Rxd5 Rxd5 23. Qxa7 Qg5 24. Qe3 Rd1+ 25. Rxd1 Qxg2# 0-1

[Event "*** Titled Tuesday Blitz"]
[Site "Chess.com"]
[Date "2020.11.24"]
[Round "10"]
[White "yourstrulyme"]
[Black "Geller_Jakov"]
[Result "1-0"]
[WhiteElo "2493"]
[BlackElo "2573"]
[TimeControl "180+1"]
[EndTime "12:10:45 PST"]
[Termination "yourstrulyme won by resignation"]

1. d4 d5 2. Bf4 Nf6 3. e3 e6 4.
Nf3 Bd6 5. Bg3 c5 6. Bb5+ Nc6 7. c3 O-O 8. Nbd2 h6 9. Bxc6 bxc6 10. Qa4 Bb7 11.
Bxd6 Qxd6 12. Qa3 Nd7 13. Nb3 Ba6 14. Qxa6 c4 15. Na5 Rfb8 16. Qxc6 Qe7 17. O-O-O Rb6 18. Qa4 Ra6 19. Nc6 Rxa4 20. Nxe7+ Kf8 21. Nc6 f6 22. a3 a5 23. Kc2 Ra6 24. Nd8 Ke7 25. Nb7 Rb6 26.
Nc5 Nxc5 27. dxc5 1-0

[Event "*** Titled Tuesday Blitz"]
[Site "Chess.com"]
[Date "2020.11.24"]
[Round "10"]
[White "swimmerchess"]
[Black "VerdeNotte"]
[Result "0-1"]
[WhiteElo "2796"]
[BlackElo "2911"]
[TimeControl "180+1"]
[EndTime "12:10:49 PST"]
[Termination "VerdeNotte won by resignation"]

1. e4 e5 2. Nf3 Nc6 3. Bb5 g6 4.
c3 d6 5. d4 Bd7 6. O-O Bg7 7. Re1 Nf6 8. Nbd2 O-O 9. Ba4 Kh8 10.
Bxc6 Bxc6 11. dxe5 dxe5 12. Nxe5 Bxe4 13. Qb3 Bd5 14. c4 Be6 15. Qxb7 Ng4 16. Nxg4 Bxg4 17. Nb3 a5 18. Bf4 a4 19. Nc5 a3 20. bxa3 Bxa1 21. Rxa1 Qd4 0-1

[Event "*** Titled Tuesday Blitz"]
[Site "Chess.com"]
[Date "2020.11.24"]
[Round "10"]
[White "mbojan"]
[Black "sorrm8thatscheckm8"]
[Result "1-0"]
[WhiteElo "2680"]
[BlackElo "2498"]
[TimeControl "180+1"]
[EndTime "12:10:49 PST"]
[Termination "mbojan won by resignation"]

1. g3 Nf6 2. Bg2 g6 3. d3 Bg7 4.
Nd2 O-O 5. e4 d6 6. Nh3 e5 7.
O-O c6 8. f3 d5 9. Nf2 Na6 10. f4 exf4 11. gxf4 dxe4 12. dxe4 Nc5 13. Qf3 Bg4 14. Nxg4 Nxg4 15. Qxg4 Bxb2 16. Bxb2 Qxd2 17. Qh4 f6 18. Rad1 Qxc2 19. Bxf6 Nxe4 20. Ba1 Qc5+ 21.
Kh1 Nd6 22. Qe7 Rf7 23. Qxd6 Qxd6 24. Rxd6 Re8 25. Be5 g5 26. Bh3 Kf8 27. Be6 1-0

[Event "*** Titled Tuesday Blitz"]
[Site "Chess.com"]
[Date "2020.11.24"]
[Round "10"]
[White "FearNoEvil12"]
[Black "VladimirBugayev"]
[Result "0-1"]
[WhiteElo "2156"]
[BlackElo "2299"]
[TimeControl "180+1"]
[EndTime "12:10:51 PST"]
[Termination "VladimirBugayev won by resignation"]

1. e4 c6 2. d4 d5 3. Nc3 dxe4 4. Nxe4 Nf6 5. Ng3 Bg4 6. Be2 Bxe2 7. N1xe2 e6 8. O-O Nbd7 9. f4 g6 10. c3 Bg7 11. Qd3 O-O 12. Qf3 h5 13. h3 Qc7 14. f5 exf5 15. Nxf5 gxf5 16. Bf4 Qa5 17. Ng3 Qd5 18. Qd3 Nc5 19. Qxf5 Qxf5 20. Nxf5 Ne6 21. Be5 Nd5 22. Nxg7 Nxg7 23. Rf5 f6 0-1

[Event "*** Titled Tuesday Blitz"]
[Site "Chess.com"]
[Date "2020.11.24"]
[Round "10"]
[White "halldorgretar"]
[Black "FMAntonio"]
[Result "0-1"]
[WhiteElo "2167"]
[BlackElo "2338"]
[TimeControl "180+1"]
[EndTime "12:10:56 PST"]
[Termination "FMAntonio won on time"]

1. d4 Nf6 2. c4 e6 3. Nf3 d5 4. g3 dxc4 5. Bg2 c5 6. O-O Nc6 7.
dxc5 Qxd1 8. Rxd1 Bxc5 9. Nbd2 c3 10. bxc3 O-O 11. Nb3 Be7 12. Bf4 Bd7 13. Ne5 Nxe5 14. Bxe5 Bc6 15. Bxc6 bxc6 16. Na5 Rac8 17. Rab1 Nd5 18.
Rb7 Bc5 19. c4 Nb6 20. Bd6 Rfd8 0-1

[Event "*** Titled Tuesday Blitz"]
[Site "Chess.com"]
[Date "2020.11.24"]
[Round "10"]
[White "boasovietica"]
[Black "orestn"]
[Result "1-0"]
[WhiteElo "2423"]
[BlackElo "2299"]
[TimeControl "180+1"]
[EndTime "12:10:57 PST"]
[Termination "boasovietica won by resignation"]

1. e4 e5 2. Nf3 Nc6 3. Bb5 a6 4. Ba4 Nf6 5. O-O Be7 6. d3 b5 7. Bb3 d6 8. a3 O-O 9. Nc3 h6 10. Nd5 Re8 11. h3 Be6 12. Be3 Bxd5 13. exd5 Nb8 14. a4 Nbd7 15. Qd2 Nb6 16. Bxb6 cxb6 17. axb5 axb5 18. Qb4 Qd7 19. Ra3 Rxa3 20. Qxa3 Qb7 21. Ra1 Nxd5 22. Qa2 Nf4 23. Bxf7+ Kf8 24. Bxe8 Kxe8 25.
Qg8+ Bf8 26. Kh2 Ng6 27. Qe6+ 1-0

[Event "*** Titled Tuesday Blitz"]
[Site "Chess.com"]
[Date "2020.11.24"]
[Round "10"]
[White "YIYUKI"]
[Black "sunofadawn"]
[Result "1-0"]
[WhiteElo "2358"]
[BlackElo "2469"]
[TimeControl "180+1"]
[EndTime "12:10:59 PST"]
[Termination "YIYUKI won by resignation"]

1. e4 c5 2. Nf3 d6 3. Bb5+ Bd7 4. Bxd7+ Nxd7 5. O-O Ngf6 6. Qe2 g6 7. b3 Bg7 8.
Bb2 O-O 9. c4 e5 10. Nc3 Nh5 11. g3 f5 12. exf5 Rxf5 13. Ne4 Qf8 14. Kg2 Ndf6 15.
d3 Nf4+ 16. gxf4 Nh5 17. Bc1 Rxf4 18. Ne1 Qf5 19. f3 Rf8 20. Be3 g5 21. Ng3 Qg6 22. Nxh5 Qxh5 23. Bxf4 Rxf4 24. h3 e4 25. Rd1 Be5 26.
dxe4 g4 27. fxg4 Qg5 28. Nf3 Rxg4+ 29. hxg4 Qxg4+ 30. Kh1 Qh5+ 31. Kg1 Qg4+ 32. Qg2 1-0

[Event "*** Titled Tuesday Blitz"]
[Site "Chess.com"]
[Date "2020.11.24"]
[Round "10"]
[White "PlotnikovPavel"]
[Black "svilson23"]
[Result "1-0"]
[WhiteElo "2463"]
[BlackElo "2248"]
[TimeControl "180+1"]
[EndTime "12:11:02 PST"]
[Termination "PlotnikovPavel won by checkmate"]

1. e4 c5 2. Nc3 Nc6 3. Bb5 e5 4. Bxc6 bxc6 5. d3 d5 6. f4 exf4 7. Bxf4 Bd6 8. Bxd6 Qxd6 9. Nf3 Ne7 10. O-O O-O 11.
Qe2 Bg4 12. Qf2 Ng6 13. Rae1 Rae8 14. h3 Bc8 15. d4 cxd4 16. Qxd4 Qb8 17. exd5 Ba6 18.
Rxe8 Rxe8 19. Rb1 Qg3 20. Qf2 Qxf2+ 21. Kxf2 cxd5 22. Re1 Rc8 23. Nd4 Kf8 24. Nxd5 Rd8 25. Nc7 Rxd4 26. Re8# 1-0

[Event "*** Titled Tuesday Blitz"]
[Site "Chess.com"]
[Date "2020.11.24"]
[Round "10"]
[White "Stormeman100100"]
[Black "sboshaon21"]
[Result "1-0"]
[WhiteElo "2519"]
[BlackElo "2093"]
[TimeControl "180+1"]
[EndTime "12:11:14 PST"]
[Termination "Stormeman100100 won by resignation"]

1. d4 d5 2. c4 c6 3. Nc3 Nf6 4. Nf3 e6 5. g3 Nbd7 6. Bg2 Bd6 7. O-O O-O 8. Nd2 Re8 9. e4 dxe4 10. Ndxe4 Be7 11.
Bf4 Nxe4 12. Nxe4 Nf6 13. Re1 Nxe4 14. Bxe4 c5 15. dxc5 Qxd1 16. Rexd1 Bxc5 17. a3 a5 18. Bd6 Bxd6 19. Rxd6 e5 20. Rb6 Be6 21. c5 Rac8 22. b4 Rc7 23. Rxb7 Rxb7 24. Bxb7 Rb8 25. c6 Kf8 26. bxa5 Ke7 27. a6 1-0

[Event "*** Titled Tuesday Blitz"]
[Site "Chess.com"]
[Date "2020.11.24"]
[Round "10"]
[White "WiktoriaPOL"]
[Black "CM_rui"]
[Result "0-1"]
[WhiteElo "2103"]
[BlackElo "2367"]
[TimeControl "180+1"]
[EndTime "12:11:15 PST"]
[Termination "CM_rui won by checkmate"]

1. c4 Nf6 2. Nc3 e6 3. e4 d5 4. e5 d4 5. exf6 dxc3 6. bxc3 Qxf6 7. Nf3 c5 8. d4 Nc6 9. Bg5 Qg6 10. Bd3 Qh5 11.
h3 f6 12. g4 Qf7 13. Bf4 Be7 14. Qc2 Bd7 15. Bxh7 f5 16. gxf5 Rxh7 17. fxe6 Qxe6+ 18. Kd2 Qf5 19. Qxf5 Bxf5 20. d5 Na5 21. Ne5 Bf6 22. Rae1 O-O-O 23. Nf7 Nxc4+ 24. Kc1 Rxd5 25. Re8+ Kd7 26.
Rhe1 Rxh3 27. Bg5 Rxc3# 0-1

[Event "*** Titled Tuesday Blitz"]
[Site "Chess.com"]
[Date "2020.11.24"]
[Round "10"]
[White "petrpalachev"]
[Black "NeverW84M8"]
[Result "1-0"]
[WhiteElo "2733"]
[BlackElo "2581"]
[TimeControl "180+1"]
[EndTime "12:11:19 PST"]
[Termination "petrpalachev won by resignation"]

1. d4 Nf6 2. Bf4 g6 3. Nc3 d5 4. e3 Bg7 5. h4 h5 6. Nf3 a6 7. Ne5 Nbd7 8. Be2 c6 9. g4 Nxe5 10. Bxe5 hxg4 11. Bxf6 exf6 12. Bxg4 f5 13. Bf3 Rxh4 14.
Rg1 Qe7 15. Qd2 Rh2 16. O-O-O Be6 17. Na4 Qh4 18. Rg2 Rxg2 19. Bxg2 f4 20. exf4 Bh6 21. Rh1 Qxh1+ 22. Bxh1 Rd8 23. Nc5 Bc8 24. c3 Kf8 25. Bf3 Re8 26. Be2 Kg7 27. Kc2 a5 28.
a4 b6 29. Nd3 Bf5 30. Kb3 Re4 31. Bf3 Re7 32. Ne5 Rc7 33. c4 f6 34. Ng4 dxc4+ 35. Kxc4 Be6+ 36. Kc3 c5 37. d5 1-0

[Event "*** Titled Tuesday Blitz"]
[Site "Chess.com"]
[Date "2020.11.24"]
[Round "10"]
[White "enriquebutti"]
[Black "Pikachess999"]
[Result "1-0"]
[WhiteElo "2014"]
[BlackElo "2349"]
[TimeControl "180+1"]
[EndTime "12:11:20 PST"]
[Termination "enriquebutti won by resignation"]

1. d4 d5 2. c4 dxc4 3. e3 Nf6 4.
Bxc4 a6 5. Nf3 b5 6. Bd3 Bb7 7.
a4 b4 8. O-O e6 9. b3 c5 10.
Bb2 Nbd7 11. Nbd2 Be7 12. Nc4 O-O 13. Nfe5 Qc7 14. f4 Rad8 15. Rc1 Ne4 16. f5 exf5 17.
Rxf5 Ndf6 18. Qe2 Rfe8 19. Rcf1 Bc8 20. R5f4 Bb7 21. Ng4 cxd4 22. Bxd4 Rxd4 23. exd4 Bd6 24. Rxf6 gxf6 25. Bxe4 1-0

[Event "*** Titled Tuesday Blitz"]
[Site "Chess.com"]
[Date "2020.11.24"]
[Round "10"]
[White "EdmundPlayer"]
[Black "monalize"]
[Result "0-1"]
[WhiteElo "2166"]
[BlackElo "2357"]
[TimeControl "180+1"]
[EndTime "12:11:25 PST"]
[Termination "monalize won by checkmate"]

1. e4 Nf6 2. e5 Nd5 3. d4 d6 4. c4 Nb6 5. f4 Bf5 6. Nc3 e6 7. Be3 dxe5 8. fxe5 Ke7 9. g4 Bg6 10. Qf3 Nc6 11. Bg5+ f6 12. exf6+ Kd7 13. fxg7 Qxg5 14. gxh8=Q Bh6 15. Rd1 Rxh8 16. d5 Ne5 17. dxe6+ Kc8 18. Qe2 Rf8 19. h4 Qf4 20. e7 Qg3+ 21. Qf2 Qxf2# 0-1

[Event "*** Titled Tuesday Blitz"]
[Site "Chess.com"]
[Date "2020.11.24"]
[Round "10"]
[White "MillyNeuf"]
[Black "beto-betun"]
[Result "0-1"]
[WhiteElo "2356"]
[BlackElo "2216"]
[TimeControl "180+1"]
[EndTime "12:11:28 PST"]
[Termination "beto-betun won by checkmate"]

1. e4 c5 2. Nc3 Nc6 3. g3 g6 4. Bg2 Bg7 5. d3 e6 6. Be3 d6 7. Qd2 Rb8 8. Nge2 Bd7 9. O-O-O b5 10. Rdf1 a5 11. Nd1 a4 12. h4 h5 13. f4 Nge7 14.
Bh3 b4 15. g4 hxg4 16. Bxg4 f5 17. Bf3 b3 18. cxb3 axb3 19. a3 Nd4 20. Nxd4 cxd4 21.
Bf2 Rc8+ 22. Kb1 Rc2 23. Qb4 Qc8 24. Qxb3 Rc1+ 25. Ka2 e5 26. h5 Be6 27. hxg6 Bxb3+ 28. Kxb3 Qc2+ 29. Kb4 Nc6+ 30. Kb5 Qc5+ 31. Ka6 Qa7+ 32.
Kb5 Rc5# 0-1

[Event "*** Titled Tuesday Blitz"]
[Site "Chess.com"]
[Date "2020.11.24"]
[Round "10"]
[White "korbul"]
[Black "SanchezKelvin"]
[Result "0-1"]
[WhiteElo "2545"]
[BlackElo "2463"]
[TimeControl "180+1"]
[EndTime "12:11:35 PST"]
[Termination "SanchezKelvin won by resignation"]

1. e4 c5 2. Nf3 d6 3. Bc4 Nf6 4.
d3 Nc6 5. c3 g6 6. h3 Bg7 7.
O-O O-O 8. a4 d5 9. exd5 Nxd5 10.
Na3 h6 11. Re1 Be6 12. Be3 b6 13. Qc1 Kh7 14. Bd2 Rc8 15. Rxe6 fxe6 16. Qd1 e5 17. Qe2 Nf4 18. Bxf4 exf4 19. Re1 e5 20. Ba2 Qc7 21. Bb1 Rce8 22. Qe4 Ne7 23. Nc4 Nf5 24. Ncxe5 Re7 25.
d4 cxd4 26. cxd4 Qd6 27. Qxf4 Nxd4 28. Qe4 Nxf3+ 29. gxf3 Rxe5 0-1

[Event "*** Titled Tuesday Blitz"]
[Site "Chess.com"]
[Date "2020.11.24"]
[Round "10"]
[White "DishonorOnYourCow"]
[Black "GMJustin"]
[Result "1-0"]
[WhiteElo "2454"]
[BlackElo "2290"]
[TimeControl "180+1"]
[EndTime "12:11:35 PST"]
[Termination "DishonorOnYourCow won on time"]

1. d4 Nf6 2. c4 g6 3. f3 e6 4.
e4 c5 5. d5 d6 6. Nc3 Bg7 7. Bd3 exd5 8. cxd5 O-O 9. Nge2 a6 10.
a4 Nbd7 11. O-O Ne5 12. Bc2 c4 13. Be3 Nfd7 14. h3 g5 15. Qd2 h6 16. f4 gxf4 17.
Bxf4 Kh7 18. Ng3 Nc5 19. Nh5 Ncd3 20. Be3 Rg8 21. Bxd3 1-0

[Event "*** Titled Tuesday Blitz"]
[Site "Chess.com"]
[Date "2020.11.24"]
[Round "10"]
[White "HrvojeZagreb"]
[Black "cstevens1"]
[Result "0-1"]
[WhiteElo "2297"]
[BlackElo "2589"]
[TimeControl "180+1"]
[EndTime "12:11:39 PST"]
[Termination "cstevens1 won by resignation"]

1. d4 Nf6 2. Bf4 e6 3. e3 b6 4. Be2 Bb7 5. Bf3 d5 6. Ne2 Bd6 7. c4 O-O 8. Nbc3 c6 9. a4 Na6 10. a5 Nb4 11. O-O dxc4 12. Bxd6 Qxd6 13. Ne4 Nxe4 14.
Bxe4 b5 15. Nc3 a6 16. Bxh7+ Kxh7 17. Qh5+ Kg8 18. Ne4 Qd5 19. Ng5 Qf5 20. f4 c5 21.
Rae1 Be4 22. Nxe4 Qxh5 0-1